 Dungeon Crawl Stone Soup version 0.21.0 (webtiles) character file.

42 Hekarica the Sneak (level 3, -1/32 HPs)
             Began as a Naga Assassin on May 24, 2018.
             Slain by a gnoll (3 damage)
             ... on level 2 of the Dungeon.
             The game lasted 00:03:17 (1521 turns).

Hekarica the Sneak (Naga Assassin)                  Turns: 1521, Time: 00:03:18

Health: -1/32      AC:  3    Str: 13    XL:     3   Next: 54%
Magic:  3/3        EV: 10    Int: 11    God:
Gold:   31         SH:  0    Dex: 13    Spells: 2/2 levels left

rFire    . . .     SeeInvis +   a - +2 dagger
rCold    . . .     Gourm    .   (no shield)
rNeg     . . .     Faith    .   c - +0 robe
rPois    +         Spirit   .   (no helmet)
rElec    .         Reflect  .   d - +0 cloak
rCorr    .         Harm     .   (no gloves)
MR       .....                  (no barding)
Stlth    +++.......             (no amulet)
HPRegen  0.10/turn              (no ring)
MPRegen  0.08/turn              (no ring)

@: very slow
A: large, see invisible, deformed body, poison resistance, slowness 2, slow
metabolism 1, spit poison 1, AC +1
a: Spit Poison


You were on level 2 of the Dungeon.
You were not hungry.

You visited 1 branch of the dungeon, and saw 2 of its levels.

You collected 31 gold pieces.

Inventory:

Hand Weapons
 a - a +2 dagger (weapon)
 b - a +0 blowgun
Missiles
 e - 20 poisoned needles
 f - 2 curare-tipped needles
Armour
 c - a +0 robe (worn)
 d - a +0 cloak (worn)
Jewellery
 k - an uncursed ring of ice {unknown}
Scrolls
 h - a scroll of immolation {unknown}
 i - a scroll of remove curse {unknown}
 j - a scroll of identify {unknown}
Comestibles
 g - a ration


   Skills:
 - Level 2.0 Fighting
 - Level 2.0 Short Blades
 - Level 1.7 Throwing
 + Level 1.6 Dodging
 * Level 7.2 Stealth


You had 2 spell levels left.
You didn't know any spells.

Dungeon Overview and Level Annotations

Branches:
Dungeon (2/15)

Altars:


Innate Abilities, Weirdness & Mutations

You cannot wear boots.
Your serpentine skin is tough. (AC +1)
You have supernaturally acute eyesight. (SInv)
Armour fits poorly on your strangely shaped body.
Your system is resistant to poisons. (rPois)
You cover ground very slowly.
You have a slow metabolism.
You can spit poison.


Message History

You completely miss the gnoll.
The gnoll is almost dead.
The gnoll misses you. The gnoll hits you with a whip.
You hit the gnoll but do no damage.
The gnoll is almost dead.
The gnoll hits you but does no damage.
You hit the gnoll.
You kill the gnoll!
The gnoll hits you.
* * * LOW HITPOINT WARNING * * *
You hit the gnoll.
The gnoll is lightly wounded.
The gnoll barely misses you. x2
The hobgoblin hits you but does no damage.
You closely miss the gnoll.
The gnoll is lightly wounded.
The gnoll hits you with a whip.
* * * LOW HITPOINT WARNING * * *
The gnoll hits you.
You die...

...##.....##...........# ###
...##.#................##...
#####...#)#............#...
##................#..#.g .
##[#.....................
#.#.......#........#....
###.........#....###.g....
#....#.....#gg.#..)gg.....
.....#.#......g@#.###..#.....
.#####.#.......##.....g......
#.#.......##............
#........###........#...
.....#...## ########## ..
......##### . ...... #.....
...


You could see 2 gnolls and a hobgoblin.

Vanquished Creatures
  A gnoll (D:2)
  A worm (D:2)
  A dart slug (D:1)
  2 leopard geckos (D:1)
  A ball python (D:2)
  3 giant cockroaches (D:1)
  4 goblins
  3 jackals (D:2)
  A kobold (D:2)
  2 bats
  2 frilled lizards (D:1)
  4 rats
25 creatures vanquished.

Notes
Turn   | Place    | Note
-------+----------+-------------------------------------------
     0 | D:1      | Hekarica the Naga Assassin began the quest for the Orb.
     0 | D:1      | Reached XP level 1. HP: 19/19 MP: 1/1
    10 | D:1      | Reached skill level 6 in Stealth
   112 | D:1      | Reached skill level 1 in Dodging
   323 | D:1      | Reached XP level 2. HP: 23/26 MP: 2/2
   950 | D:2      | HP: 1/26 [goblin (2)]
   954 | D:2      | Reached XP level 3. HP: 2/32 MP: 3/3
  1275 | D:2      | Reached skill level 7 in Stealth
  1521 | D:2      | Slain by a gnoll

Skill      XL: |  1  2  3 |
---------------+----------+-----
Stealth        | 6 7 |  7.2
Dodging        | 1 |  1.6
Fighting       | |  2.0
Short Blades   | |  2.0
Throwing       | |  1.7

Action                   || total
-------------------------++-------
Melee: Dagger            ||    99
 Stab: Sleeping          ||     5
  Eat: Ration            ||     1
Armor: Robe              ||    16
Dodge: Dodged            ||    47
